 Dungeon Crawl Stone Soup version 0.31-a0-848-gaac375c287 (webtiles) character file.

Game seed: 7783794027449985876

207 MachoJfn the Grave Robber (level 5, -1/34 (35) HPs)
             Began as a Demonspawn Necromancer on Oct 4, 2023.
             Slain by Crazy Yiuf
             ... wielding a +4 quarterstaff of chaos
              (14 damage)
             ... on level 2 of the Dungeon.
             The game lasted 00:06:53 (2140 turns).

MachoJfn the Grave Robber (Demonspawn Necromancer)  Turns: 2140, Time: 00:06:56

HP:   -1/34 (35)    AC:  3    Str:  8    XL:     5   Next: 54%
MP:   6/10          EV: 12    Int: 18    God:
Gold: 105           SH:  5    Dex: 14    Spells: 10/11 levels left

rFire   . . .        j - +0 scythe
rCold   . . .        (shield currently unavailable)
rNeg    . . .        n - +0 leather armour
rPois   .            (helmet restricted)
rElec   .            (no cloak)
rCorr   .            (no gloves)
SInv    .            (no boots)
Will    .....        k - amulet of reflection
Stlth   ++           (no ring)
HPRegen 0.25/turn    (no ring)
MPRegen 0.24/turn

%: reflection
@: mighty, lightly drained
A: horns 1, powered by pain 1, magic regeneration
a: no special abilities


You were on level 2 of the Dungeon.
You visited 1 branch of the dungeon, and saw 2 of its levels.

You collected 105 gold pieces.

Inventory:

Hand Weapons
 a - a +0 spear
 j - a +0 scythe (weapon)
Missiles
 i - 30 stones
 m - 4 poisoned darts
Armour
 f - a +0 robe of willpower
 n - a +0 leather armour (worn)
Jewellery
 k - an amulet of reflection (around neck)
Scrolls
 d - a scroll of vulnerability
 e - a scroll of blinking
 h - 3 scrolls of noise
Potions
 b - a potion of magic
 c - a potion of invisibility {unknown}
 g - a potion of cancellation
 l - 2 potions of heal wounds {unknown}


   Skills:
 + Level 0.1 Fighting
 + Level 0.5 Armour
 + Level 2.3 Dodging
 + Level 2.0 Stealth
 + Level 3.7 Spellcasting
 + Level 5.9 Necromancy


You had 10 spell levels left.
You knew the following spells:

 Your Spells              Type           Power      Damage    Failure   Level
a - Necrotise             Necr           96%        1d8       1%          1

Your spell library contained the following spells:

 Spells                   Type           Power      Damage    Failure   Level
 Vampiric Draining        Necr           24%        2d7       5%          3
 Animate Dead             Necr           24%        N/A       19%         4
 Agony                    Necr           24%        N/A       45%         5


Dungeon Overview and Level Annotations

Branches:
Dungeon (2/15)

Altars:

Annotations:
D:2 Crazy Yiuf


Innate Abilities, Weirdness & Mutations

You have a pair of small horns on your head.
You sometimes gain a little power by taking damage.
You regenerate magic rapidly.


Message History

Casting: Necrotise (safe; 1% risk of failure)
Confirm with . or Enter, or press ? or * to list all spells.
Aiming: Necrotise (safe; 1% risk of failure)
Press: ? - help, Shift-Dir - straight line, f - Crazy Yiuf
Aim: Crazy Yiuf, wielding a +4 quarterstaff of chaos and wearing a +0 cloak (chance to affect: 88%) Crazy Yiuf barely resists.
Crazy Yiuf hits you with a +4 quarterstaff of chaos!
You focus on the pain.
You feel very mighty all of a sudden.
Casting: Necrotise (safe; 1% risk of failure)
Confirm with . or Enter, or press ? or * to list all spells.
Aiming: Necrotise (safe; 1% risk of failure)
Press: ? - help, Shift-Dir - straight line, f/p - Crazy Yiuf
Aim: Crazy Yiuf, wielding a +4 quarterstaff of chaos and wearing a +0 cloak (chance to affect: 88%) Crazy Yiuf writhes in agony.
Crazy Yiuf misses you.
Casting: Necrotise (safe; 1% risk of failure)
Confirm with . or Enter, or press ? or * to list all spells.
Aiming: Necrotise (safe; 1% risk of failure)
Press: ? - help, Shift-Dir - straight line, f/p - Crazy Yiuf
Aim: Crazy Yiuf, wielding a +4 quarterstaff of chaos and wearing a +0 cloak (moderately wounded, chance to affect: 88%) Crazy Yiuf writhes in agony.
Crazy Yiuf hits you with a +4 quarterstaff of chaos!
You feel drained.
Casting: Necrotise (safe; 1% risk of failure)
Confirm with . or Enter, or press ? or * to list all spells.
Aiming: Necrotise (safe; 1% risk of failure)
Press: ? - help, Shift-Dir - straight line, f/p - Crazy Yiuf
Aim: Crazy Yiuf, wielding a +4 quarterstaff of chaos and wearing a +0 cloak (heavily wounded, chance to affect: 88%) Crazy Yiuf writhes in agony.
Crazy Yiuf twirls on the spot.
Crazy Yiuf completely misses you.
Casting: Necrotise (safe; 1% risk of failure)
Confirm with . or Enter, or press ? or * to list all spells.
Aiming: Necrotise (safe; 1% risk of failure)
Press: ? - help, Shift-Dir - straight line, f/p - Crazy Yiuf
Aim: Crazy Yiuf, wielding a +4 quarterstaff of chaos and wearing a +0 cloak (severely wounded, chance to affect: 88%) Crazy Yiuf writhes in agony.
Crazy Yiuf yells, "Orb!"
Crazy Yiuf hits you with a +4 quarterstaff of chaos!
You die...

#...........<#.##>..
#########..###.##...
#......##### #####
############ #..)#
#....... #...#
#.###### ... #.# #
#g# #.# # ♣♣@♣ #.# #
♣.♣♣ #.# # ♣♣.♣
#.###### ♣.♣♣
#####....... ♣♣.♣♣
#.....###### ♣...♣♣
#.##### ♣....♣ #.#
#+..+# #.# #....#
##.#


You could see Crazy Yiuf.

Vanquished Creatures
  Sigmund (D:2)
  An adder (D:2)
  2 worms (D:2)
  2 dart slugs (D:1)
  6 ball pythons
  4 bats
  3 endoplasms
  A giant cockroach (D:2)
  2 goblins
  A hobgoblin (D:2)
  3 jackals
  4 kobolds
  2 quokkas
  A frilled lizard (D:1)
  2 rats
35 creatures vanquished.

Vanquished Creatures (collateral kills)
  An endoplasm (D:2)
  A hobgoblin (D:2)
  A jackal (D:2)
  2 frilled lizards
5 creatures vanquished.

Grand Total: 40 creatures vanquished

Notes
Turn   | Place    | Note
-------+----------+-------------------------------------------
     0 | D:1      | MachoJfn the Demonspawn Necromancer began the quest for the
                  | Orb.
     0 | D:1      | Reached XP level 1. HP: 13/13 MP: 3/3
   291 | D:1      | Gained mutation: You regenerate magic rapidly. [demonic
                  | ancestry]
   291 | D:1      | Reached XP level 2. HP: 14/19 MP: 1/5
   372 | D:1      | Reached skill level 5 in Necromancy
   972 | D:1      | Gained mutation: You have a pair of small horns on your
                  | head. [demonic ancestry]
   972 | D:1      | Reached XP level 3. HP: 19/24 MP: 0/6
  1629 | D:2      | Noticed Sigmund
  1643 | D:2      | Killed Sigmund
  1644 | D:2      | Gained mutation: You sometimes gain a little power by
                  | taking damage. [demonic ancestry]
  1644 | D:2      | Reached XP level 4. HP: 13/30 MP: 0/9
  1644 | D:2      | Reached XP level 5. HP: 15/35 MP: 0/10
  1852 | D:2      | Found a runed translucent door.
  1853 | D:2      | Noticed Crazy Yiuf
  2140 | D:2      | Slain by Crazy Yiuf

Illustrated notes

Levels and vault maps discovered:
D:1:      noname_arrival_rooms_in_the_neighbourhood, layout_loops_ring,
          minmay_misc_feat_tower
D:2:      wander_river, layout_basic, minmay_tetromino_l2,
          uniq_crazy_yiuf_cottage, uniq_sigmund

Skill      XL: |  1  2  3 |
---------------+----------+-----
Necromancy     | 5 |  5.9
Stealth        | 2 |  2.0
Dodging        | 2 |  2.3
Spellcasting   | 3 |  3.7
Fighting       | |  0.1
Armour         | |  0.5

Action                     |  1- 3 |  4- 6 || total
---------------------------+-------+-------++-------
  Melee: Unarmed           |     8 |       ||     8
         Spear             |     9 |       ||     9
         Headbutt          |     2 |       ||     2
   Cast: Necrotise         |    67 |     7 ||    74
    Use: Scroll            |     4 |       ||     4
         Potion            |     3 |       ||     3
 Armour: Robe              |     8 |       ||     8
         Leather armour    |    11 |     3 ||    14
  Dodge: Dodged            |    37 |     2 ||    39

Table legend: (Time is in decaauts)
 A = Elapsed time spent in this place.
 B = Non-inter-level travel time spent in this place.
 C = Inter-level travel time spent in this place.
 D = Time resting spent in this place.
 E = Time spent auto-exploring this place.
 F = Levels seen in this place.
 G = Mean time per level.
                   A        B        C        D        E       F      G
               +--------+--------+--------+--------+--------+-----+--------+
         Total |   2133 |   1677 |    456 |    108 |   1240 |   2 | 1066.5 |
       Dungeon |   2133 |   1677 |    456 |    108 |   1240 |   2 | 1066.5 |
               +--------+--------+--------+--------+--------+-----+--------+

Top non-repeatable levels by time:
     D:1: 1202 daAuts
     D:2: 931 daAuts
